 Dungeon Crawl Stone Soup version 0.31.0-9-g3a7656b989 (webtiles) character file.

Game seed: 4838096048366823395

536 McKennaii the Conjurer (level 6, -1/45 HPs)
             Began as a Demigod Conjurer on Jan 26, 2024.
             Slain by a phantom (6 damage)
             ... in a sewer.
             The game lasted 00:04:04 (3433 turns).

McKennaii the Conjurer (Demigod Conjurer)           Turns: 3433, Time: 00:04:05

Health: -1/45      AC:  5    Str:  8    XL:     6   Next: 74%
Magic:  2/16       EV: 12    Int: 28    God:
Gold:   171        SH:  0    Dex: 12    Spells: 7/14 levels left

rFire   . . .        q - +0 hammer (protect)
rCold   . . .        (no shield)
rNeg    . . .        a - +0 robe
rPois   .            (no helmet)
rElec   .            p - +1 cloak
rCorr   .            (no gloves)
SInv    .            f - +0 pair of boots
Will    +....        (no amulet)
Stlth   ++           (no ring)
HPRegen 0.27/turn    (no ring)
MPRegen 0.15/turn

%: no passive effects
@: enlightened, flying, hasted, very quick
A: high MP 1, forlorn, divine attributes
a: no special abilities


You were in a sewer.
You visited 1 branch of the dungeon, and saw 3 of its levels.
You also visited: Sewer.

You collected 171 gold pieces.

Inventory:

Hand Weapons
 q - a +0 hammer of protection (weapon)
Armour
 a - a +0 robe (worn)
 f - a +0 pair of boots (worn)
 p - a +1 cloak (worn)
Wands
 n - a wand of light (6)
 r - a wand of polymorph (5)
Scrolls
 g - 3 scrolls of identify {unknown}
 h - a scroll of immolation {unknown}
 i - 2 scrolls of vulnerability {unknown}
 l - 2 scrolls of poison {unknown}
 m - a scroll of fog {unknown}
 s - a scroll of noise {unknown}
Potions
 b - 2 potions of magic
 c - a potion of curing
 d - 2 potions of enlightenment
 e - a potion of brilliance {unknown}
 j - 2 potions of haste
 k - a potion of degeneration {unknown}
 o - a potion of resistance {unknown}


   Skills:
 - Level 1.7 Dodging
 - Level 1.7 Stealth
 + Level 4.7 Spellcasting
 + Level 6.0 Conjurations


You had 7 spell levels left.
You knew the following spells:

 Your Spells              Type           Power      Damage    Failure   Level
a - Magic Dart            Conj           100%       1d8       1%          1
b - Searing Ray           Conj           80%        2d7       1%          2
c - Iskenderun's Mystic   Conj/Tloc      23%        2d6       21%         4

Your spell library contained the following spells:

 Spells                   Type           Power      Damage    Failure   Level
 Static Discharge         Conj/Air       46%        3-5/arc   3%          2
 Hailstorm                Conj/Ice       23%        3d7       6%          3
 Freeze                   Ice            24%        1d4       7%          1
 Frozen Ramparts          Ice            12%        1d2       21%         3
 Fulminant Prism          Conj/Alch      11%        3d8       21%         4
 Airstrike                Air            3%         2d(1-17)  56%         4
 Summon Lightning Spire   Summ/Air       6%         N/A       56%         4


Dungeon Overview and Level Annotations

Branches:
Dungeon (3/15)              Sewer (1/1)


Innate Abilities, Weirdness & Mutations

You have an increased reservoir of magic. (+10% MP)
You shall have no god before yourself.
Your divine heritage dramatically boosts your attributes as you level up.


Message History

You feel very sick. The phantom barely misses you.
The kobold brigand misses you.
The phantom hits you but does no damage.
The kobold brigand hits you with a +0 short sword.
* * * LOW HITPOINT WARNING * * *
It was a potion of enlightenment.
You feel very buoyant.
You fly up into the air.
You feel sick.
You are no longer poisoned.
The phantom barely misses you.
The kobold brigand hits you but does no damage.
A shadow imp comes into view.
The kobold barely misses you.
It was a potion of curing.
You feel better. The phantom hits you.
The kobold brigand hits you with a +0 short sword.
The shadow imp grins evilly.
The kobold barely misses you. The phantom misses you.
The kobold closely misses you. The kobold brigand barely misses you.
You closely miss the kobold brigand.
The kobold brigand is severely wounded.
The phantom hits you.
* * * LOW HITPOINT WARNING * * *
The phantom blinks!
You blink.
The shadow imp closely misses you.
The phantom hits you but does no damage.
The shadow imp puffs mist at you. The shadow imp hits you.
* * * LOW HITPOINT WARNING * * *
Unknown command.
Unknown command.
It was a potion of haste.
You feel yourself speed up. The phantom hits you.
* * * LOW HITPOINT WARNING * * *
The shadow imp gestures at you. You resist with some effort.
Unknown command.
You barely miss the kobold brigand.
The kobold brigand is severely wounded.
You feel yourself speed up. The phantom closely misses you.
The shadow imp barely misses you. The phantom hits you.
You die...

≈≈ ≈≈~~~~~~~# ≈≈ ≈~~~~~~~≈#
...≈# ############~## ...≈#
≈≈≈≈≈≈≈≈~.).~≈##~...≈#
≈≈≈≈≈≈≈≈..#.~~##≈...≈#
≈≈≈≈≈≈≈≈..#.~~##~...~#
≈≈≈≈≈≈≈~..#)~≈##≈...~#
≈≈≈≈≈≈≈~..#.~≈###5''##
≈≈≈≈~.~...#.~~##@W...## ####
.~###≈#.####.###KK⌠...#≈~≈≈≈
........≈~#...#.....⌠.'.....
.......≈≈≈≈...†.)._...'.....
........≈≈#...#...).⌠.'.....
~##~###.####.###..⌠...#≈~≈≈~
≈≈≈≈~~~...#.~≈##.....#######
≈≈≈≈≈~≈...#.~~###'''##
≈≈≈≈≈≈~~~.#..~ ~...≈#


You could see a kobold brigand, a phantom, a shadow imp and a kobold.

Vanquished Creatures
  Sigmund (D:3)
  A phantom (D:2)
  Crazy Yiuf (D:2)
  3 orc priests (D:3)
  Terence (D:2)
  An orc wizard (D:3)
  2 adders
  4 shadow imps (Sewer)
  An ufetubus (Sewer)
  A ribbon worm (D:2)
  A dart slug (D:1)
  5 orcs (D:3)
  3 ball pythons
  A bat zombie (Sewer)
  3 endoplasms
  5 giant cockroaches
  2 goblins (D:1)
  4 hobgoblins
  2 jackals (D:1)
  16 kobolds
  A quokka (D:1)
  7 bats
  4 frilled lizards
  3 rats
73 creatures vanquished.

Notes
Turn   | Place    | Note
-------+----------+-------------------------------------------
     0 | D:1      | McKennaii the Demigod Conjurer began the quest for the Orb.
     0 | D:1      | Reached XP level 1. HP: 14/14 MP: 5/5
   336 | D:1      | Reached XP level 2. HP: 20/20 MP: 1/7
   339 | D:1      | Learned a level 2 spell: Searing Ray
   504 | D:1      | Reached skill level 4 in Conjurations
  1353 | D:2      | Noticed a phantom
  1379 | D:2      | HP: 1/20 [phantom (2)]
  1382 | D:2      | Killed a phantom
  1383 | D:2      | Reached XP level 3. HP: 3/26 MP: 0/10
  1383 | D:2      | Reached XP level 4. HP: 4/33 MP: 0/11
  1388 | D:2      | Learned a level 4 spell: Iskenderun's Mystic Blast
  1548 | D:2      | Found a runed translucent door.
  1549 | D:2      | Noticed Crazy Yiuf
  2188 | D:2      | Noticed Terence
  2196 | D:2      | Killed Terence
  2449 | D:2      | Killed Crazy Yiuf
  2450 | D:2      | Reached skill level 5 in Conjurations
  2450 | D:2      | Reached XP level 5. HP: 12/38 MP: 7/13
  2585 | D:3      | Noticed Sigmund
  2592 | D:3      | Killed Sigmund
  2593 | D:3      | Reached XP level 6. HP: 35/45 MP: 5/15
  3091 | D:3      | Found a glowing drain.
  3177 | Sewer    | Entered a sewer
  3241 | Sewer    | Reached skill level 6 in Conjurations
  3433 | Sewer    | Slain by a phantom

Illustrated notes

Levels and vault maps discovered:
D:1:      zaba_arrival_water, layout_loops_ring,
          chequers_ecumenical_altar_island, minmay_tromino_v4_a
D:2:      layout_loops_corners, basic_altar, uniq_terence,
          uniq_crazy_yiuf_cottage
D:3:      layout_rooms, portal_sewer_entry_d, kennysheep_generic_room_15,
          uniq_sigmund
Sewer:    kennysheep_sewer_church

Skill      XL: |  1  2  3  4  5  6 |
---------------+-------------------+-----
Spellcasting   | 2 3 4 |  4.7
Conjurations   | 4 5 6 |  6.0
Dodging        | |  1.7
Stealth        | |  1.7

Action                     |  1- 3 |  4- 6 || total
---------------------------+-------+-------++-------
  Melee: Unarmed           |    13 |       ||    13
         Mace              |       |     6 ||     6
   Cast: Magic Dart        |    61 |    53 ||   114
         Searing Ray       |     3 |    18 ||    21
    Use: Potion            |       |     3 ||     3
 Armour: Robe              |    15 |    34 ||    49
  Dodge: Dodged            |    15 |    35 ||    50
